 Dungeon Crawl Stone Soup version 0.15.1-3-g1b33baa (webtiles) character file.

98 Johnny the Chiller (level 4, -1/35 HPs)
             Began as a Demigod Ice Elementalist on Oct 3, 2014.
             Succumbed to Sigmund's poison
             ... on Level 2 of the Dungeon.
             The game lasted 00:02:22 (1051 turns).

Johnny the Chiller (Demigod Ice Elementalist)       Turns: 1051, Time: 00:02:22

HP  -1/35        AC  9     Str 11      XL: 4   Next: 20%
MP   1/11        EV 13     Int 22      God:
Gold 75          SH  2     Dex 16      Spells:  1 memorised,  6 levels left

rFire  . . .     SeeInvis .     p - +2 mace (protect)
rCold  . . .     Clarity  .     a - +0 robe
rNeg   . . .     rCorr    .     (no shield)
rPois  .         rRot     .     (no helmet)
rElec  .         Spirit   .     (no cloak)
SustAb .         Warding  .     (no gloves)
rMut   .         Stasis   .     (no boots)
Gourm  .                        g - amulet of rage
MR     .....                    (no ring)
                                (no ring)

@: lethally poisoned, not resistant to hostile enchantments, unstealthy
A: large bone plates 1, deterioration 1, spit poison 1
a: Spit Poison, Evoke Berserk Rage


You were on level 2 of the Dungeon.
You were hungry.

You visited 1 branch of the dungeon, and saw 2 of its levels.

You collected 75 gold pieces.

Inventory:

Hand weapons
 f - a +0 club
 i - a +0 short sword of electrocution
 p - a +2 mace of protection (weapon)
Armour
 a - a +0 robe (worn)
Comestibles
 c - 3 bread rations
Scrolls
 d - a scroll of fog {unknown}
 h - a scroll of remove curse {unknown}
 l - a scroll of identify {unknown}
 n - a scroll of amnesia {unknown}
 q - a scroll of random uselessness {unknown}
Jewellery
 g - an amulet of rage (around neck)
 m - an uncursed amulet of the gourmand {unknown}
Books
 b - a book of Frost

   Spells                             Type                      Level
   *Freeze                            Ice                          1
   Throw Frost                        Conjuration/Ice              2
   Ozocubu's Armour                   Charms/Ice                   3
   Throw Icicle                       Conjuration/Ice              4
   Summon Ice Beast                   Ice/Summoning                4
   Condensation Shield                Ice                          4


   Skills:
 * Level 1.2 Fighting
 + Level 1.0 Armour
 + Level 2.2 Dodging
 + Level 2.2 Stealth
 * Level 2.3 Spellcasting
   Level 0.8 Conjurations
 * Level 3.3 Ice Magic


You had 6 spell levels left.
You knew the following spells:

 Your Spells              Type           Power        Failure   Level  Hunger
a - Freeze                Ice            ###.         4%          1    None


Dungeon Overview and Level Annotations

Branches:
Dungeon (2/15)


Innate Abilities, Weirdness & Mutations

You are partially covered in large bone plates (AC +2, SH +2).
Your body is slowly deteriorating.
You can spit poison.


Message History

Your magical effects are unravelling.
You feel magically purged.
It was a potion of cancellation.
You feel a little less mighty now.
* * * LOW HITPOINT WARNING * * *
You feel sick. Sigmund closely misses you.
You hit Sigmund.
You kill Sigmund!
Your Fighting skill increases to level 1!
Your Armour skill increases to level 1!
You have reached level 3!
Your experience leads to an increase in your attributes!
Increase (S)trength, (I)ntelligence, or (D)exterity?
You feel clever.
You have reached level 4!
You feel clever.
* * * LOW HITPOINT WARNING * * *
You feel sick.
You aren't carrying any potions.
There is a lethal amount of poison in your body!
You die...

.## #... .# #..###.#
. #####....#.##.#
...............
#.....#.....#.
##.#.............
.....%...........#
#.......@.....#
########..#######.
#.......<<........
#................(..
.#................
#######..#####...
.... .. ##...# .....


There were no monsters in sight!

Vanquished Creatures
  Sigmund (D:2)
  An adder (D:2)
  A goblin (D:1)
  5 hobgoblins (D:1)
  3 kobolds (D:1)
  A bat (D:1)
  A giant cockroach (D:1)
  2 giant newts (D:1)
  4 rats
19 creatures vanquished.

Notes
Turn   | Place    | Note
--------------------------------------------------------------
     0 | D:1      | Johnny, the Demigod Ice Elementalist, began the quest for the Orb.
     0 | D:1      | Reached XP level 1. HP: 14/14 MP: 3/3
   497 | D:1      | Reached XP level 2. HP: 20/20 MP: 4/4
   546 | D:1      | Reached skill level 3 in Ice Magic
   966 | D:2      | Noticed Sigmund
  1045 | D:2      | Gained mutation: You can spit poison. [potion of mutation]
  1045 | D:2      | Gained mutation: Your body is slowly deteriorating. [potion of mutation]
  1045 | D:2      | Gained mutation: You are partially covered in large bone plates (AC +2, SH +2). [potion of mutation]
  1050 | D:2      | Killed Sigmund
  1050 | D:2      | Reached skill level 1 in Fighting
  1050 | D:2      | Reached skill level 1 in Armour
  1050 | D:2      | Reached XP level 3. HP: 3/28 MP: 1/8
  1050 | D:2      | Reached XP level 4. HP: 3/35 MP: 1/11
  1050 | D:2      | HP: 1/35 [poisoned by Sigmund]
  1051 | D:2      | Succumbed to Sigmund's poison

Action                   |  1- 3 |  4- 6 || total
-------------------------+-------+-------++-------
Melee: Unarmed           |    23 |       ||    23
       Short sword       |    22 |       ||    22
       Mace              |     5 |       ||     5
 Cast: Freeze            |    14 |       ||    14
  Use: Potion            |     4 |       ||     4
 Stab: Sleeping          |     3 |       ||     3
